 Dungeon Crawl Stone Soup version 0.14.2 (webtiles) character file.

234944 SterlingArcher the Eclecticist (level 17, -7/93 HPs)
             Began as a Deep Elf Ice Elementalist on Nov 1, 2016.
             Was the Champion of Kikubaaqudgha.
             Killed from afar by a deep elf annihilator (32 damage)
             ... with a bolt of lightning
             ... on Level 3 of the Elven Halls.
             The game lasted 06:49:43 (29287 turns).

SterlingArcher the Eclecticist (DEIE)              Turns: 29287, Time: 06:49:43

HP  -7/93        AC 21     Str 10      XL: 17   Next: 90%
MP  50/50        EV 16     Int 33      God: Kikubaaqudgha [******]
Gold 1672        SH  0     Dex 15      Spells: 12 memorised,  8 levels left

rFire  . . .     SeeInvis +     Y - staff of wizardry
rCold  . . .     Clarity  .     O - +4 troll leather armour
rNeg   . . .     Conserve .     (no shield)
rPois  +         rCorr    .     r - +3 hat of Pondering {ponderous, MR+ MP+10 Int+5}
rElec  .         rRot     .     j - +0 cloak
SustAb . .       Spirit   .     y - +1 pair of gloves
rMut   .         Warding  .     s - +2 pair of boots {Stlth+}
Gourm  +         Stasis   .     C - amulet of the gourmand
MR     +++..                    c - +5 ring of intelligence
                                A - ring "Oplu" {+Inv rPois MR+ Dam-2 SInv}

@: studying 2 skills, slow, extremely resistant to hostile enchantments, quite
stealthy
A: shaggy fur 1, slow metabolism 1, wild magic 1
a: Receive Corpses, Torment, Renounce Religion, Evoke Invisibility
}: 3/15 runes: decaying, slimy, gossamer


You were on level 3 of the Elven Halls.
You worshipped Kikubaaqudgha.
Kikubaaqudgha was exalted by your worship.
You were very full.

You visited 7 branches of the dungeon, and saw 45 of its levels.
You also visited: Labyrinth and Ice Cave.

You collected 3387 gold pieces.
You spent 1715 gold pieces at shops.

Inventory:

Armour
 j - a +0 cloak (worn)
 r - the +3 hat of Pondering (worn) {ponderous, MR+ MP+10 Int+5}
   (You took it off Gastronok on level 3 of the Lair of Beasts)

   It affects your intelligence (+5).
   It affects your resistance to hostile enchantments.
   It affects your magic capacity (+10).
 s - a +2 pair of boots of stealth (worn)
 y - a +1 pair of gloves (worn)
 O - a +4 troll leather armour (worn)
Magical devices
 b - a wand of slowing (0)
 e - a wand of digging (0)
 m - a wand of lightning (3)
 u - a wand of fire (11)
 G - a wand of digging (5)
 P - a wand of disintegration (4)
Comestibles
 h - 2 meat rations
Scrolls
 p - 3 scrolls of identify
 q - 6 scrolls of remove curse
 v - a scroll of immolation
 w - a scroll of blinking
 M - a scroll of teleportation
 N - 2 scrolls of fear
 Q - a scroll of amnesia
 W - a scroll of enchant weapon II
Jewellery
 c - a +5 ring of intelligence (right hand)
 g - an uncursed ring of regeneration
 A - the ring "Oplu" (left hand) {+Inv rPois MR+ Dam-2 SInv}
   (You found it on level 2 of the Lair of Beasts)

   [ring of poison resistance]

   It affects your damage with ranged weapons and melee attacks (-2).
   It affects your resistance to hostile enchantments.
   It enhances your eyesight.
   It lets you turn invisible.
 C - an amulet of the gourmand (around neck)
 U - an uncursed amulet of resist mutation
Potions
 f - a potion of resistance
 o - a potion of heal wounds
 K - 6 potions of curing
Books
 d - a Necronomicon

   Spells                             Type                      Level
   Haunt                              Necromancy/Summoning         7
   Borgnjor's Revivification          Necromancy                   8
   Death's Door                       Charms/Necromancy            8
   Necromutation                      Transmutation/Necromancy     8
 B - Schiri's Sophisticated Theurgy
   (You found it on level 6 of the Pits of Slime)

   Spells                             Type                      Level
   Poisonous Cloud                    Conjuration/Poison/Air       6
   Mass Confusion                     Hexes                        6
   Ozocubu's Refrigeration            Ice                          6
   Monstrous Menagerie                Summoning                    6
   Dispersal                          Translocation                6
   Statue Form                        Transmutation/Earth          6
 I - a book of Alchemy

   Spells                             Type                      Level
   Lethal Infusion                    Charms/Necromancy            2
   *Sublimation of Blood              Necromancy                   2
   *Condensation Shield               Ice                          4
   Petrify                            Transmutation/Earth          4
   Ignite Poison                      Fire/Transmutation           5
 J - Ofiraq's Volume of Creative Attacks
   (You found it on level 6 of the Pits of Slime)

   Spells                             Type                      Level
   Sting                              Conjuration/Poison           1
   Summon Small Mammal                Summoning                    1
   Mephitic Cloud                     Conjuration/Poison/Air       3
   Summon Guardian Golem              Hexes/Summoning              4
   *Summon Ice Beast                  Ice/Summoning                4
   Venom Bolt                         Conjuration/Poison           5
 L - Laetaine's Handbook of the Shifting Arsonist
   (You found it on level 6 of the Pits of Slime)

   Spells                             Type                      Level
   Beastly Appendage                  Transmutation                1
   Fire Brand                         Charms/Fire                  2
   Sticks to Snakes                   Transmutation                2
   Conjure Flame                      Conjuration/Fire             3
   Sticky Flame                       Conjuration/Fire             4
   Petrify                            Transmutation/Earth          4
 T - a manual of Fighting
 V - An Early Guide to Witchcraft
   (You found it on level 6 of the Pits of Slime)

   Spells                             Type                      Level
   Airstrike                          Air                          4
   Fulminant Prism                    Conjuration/Hexes            4
   Leda's Liquefaction                Hexes/Earth                  4
   *Summon Ice Beast                  Ice/Summoning                4
   Animate Dead                       Necromancy                   4
   Control Undead                     Necromancy                   4
 Z - a manual of Armour
Magical staves
 Y - an uncursed staff of wizardry (weapon)
Miscellaneous
 R - a stone of tremors
Rods
 H - a +0 rod of inaccuracy (12/12)
   (You found it on level 8 of the Lair of Beasts)


   Skills:
 * Level 6.2 Fighting
 * Level 10.5 Armour
 + Level 9.2 Dodging
 - Level 2.4 Stealth
 - Level 16.0 Spellcasting
 - Level 12.6 Conjurations
 - Level 9.0 Charms
 - Level 9.1 Summonings
 * Level 10.7 Necromancy
 - Level 9.6 Translocations
 - Level 14.3 Ice Magic
 - Level 11.0 Air Magic
 + Level 6.1 Evocations


You had 8 spell levels left.
You knew the following spells:

 Your Spells              Type           Power        Failure   Level  Hunger
a - Freeze                Ice            ####         1%          1    None
b - Throw Frost           Conj/Ice       ######       1%          2    None
c - Freezing Cloud        Conj/Ice/Air   ########..   1%          6    #......
d - Dispel Undead         Necr           #######.     1%          5    None
g - Passage of Golubria   Tloc           N/A          1%          4    None
i - Summon Ice Beast      Ice/Summ       ########     1%          4    None
k - Blink                 Tloc           N/A          1%          2    None
q - Ozocubu's Armour      Chrm/Ice       ########..   1%          3    None
r - Regeneration          Chrm/Necr      #######...   1%          3    None
s - Sublimation of Blood  Necr           #######...   1%          2    None
t - Throw Icicle          Conj/Ice       ########     1%          4    None
w - Condensation Shield   Ice            ########..   1%          4    None


Dungeon Overview and Level Annotations

Branches:
Dungeon (14/15)               Orc (4/4) D:9             Elf (3/3) Orc:3
   Lair (8/8) D:9           Swamp (5/5) Lair:5       Spider (5/5) Lair:4
  Slime (6/6) Lair:8
 Temple: D:4-7       Vaults: D:13-14

Altars:
Dithmenos
Kikubaaqudgha
Okawaru
Xom
Yredelemnul
Beogh
Jiyva

Shops:
D:4 (   D:5 }   D:7 [   D:9 =   D:13 *:}   Orc:4 =*(}

Portals:
Trove: Elf:1 (show horn of Geryon)

Annotations:
D:4 Edmund


Innate Abilities, Weirdness & Mutations

You are covered in fur (AC +1).
You have a slow metabolism.
Your spells are a little harder to cast, but a little more powerful.


Message History

You remove your ring of regeneration.
You feel clever.
c - a +5 ring of intelligence (right hand)
Casting: Throw Icicle
Confirm with . or Enter, or press ? or * to list all spells.
Okay, then.
Found 12 darts.
Eat which item? (? for menu, Esc to quit)
Okay, then.
A deep elf annihilator and a deep elf sorcerer come into view.
The deep elf sorcerer gestures at you while chanting.
The hellfire explodes!
The blast of hellfire engulfs you!
Your scroll of enchant armour catches fire!
One of your 7 scrolls of remove curse catches fire!
The deep elf annihilator gestures at you while chanting.
The bolt of lightning hits you!
* * * LOW HITPOINT WARNING * * *
The bolt of lightning hits you!
You die...
Kikubaaqudgha rasps: "You have failed me!
Welcome... death!"

.... ##. #..#
... ...#
############.#
+............#
##.#########.#
##.# #.# ##.#
#.####### ##.#
#....@..# ##.#
######..# ##.#
..# ##.# .e#
...# e.# ...#
..# .#<# ..#
.#.# ... .#.#
.


You could see a deep elf annihilator and a deep elf sorcerer.

Vanquished Creatures
  the royal jelly (Slime:6)
  13 acid blobs
  A thorn hunter (Swamp:5)
  Frances (Spider:2)
  2 ghost moths (Spider:5)
  5 azure jellies
  Wiglaf (Swamp:4)
  3 emperor scorpions
  The ghost of ulrikemeinhof the Eclecticist, a powerful DEFE of Vehumet (Elf:2)
  The ghost of ulrikemeinhof the Eclecticist, a mighty DEIE of Sif Muna (Slime:6)
  Jorgrun (Spider:5)
  The ghost of ulrikemeinhof the Thaumaturge, a powerful DEIE of Sif Muna (Swamp:5)
  A stone giant (Orc:4)
  A deep elf annihilator (Elf:1)
  2 deep elf death magi (Elf:1)
  9 death oozes (Slime:6)
  3 great orbs of eyes
  A ravenous item mimic (Spider:3)
  15 hydras
  A shambling mangrove (Swamp:4)
  4 alligators
  Urug (Orc:3)
  3 orc high priests (Orc:4)
  A spectral elf (Elf:1)
  3 deep elf knights
  A giant orange brain (Slime:6)
  3 skeletal warriors (D:12)
  13 orb spiders
  A spriggan druid (Swamp:5)
  An unseen horror (D:10)
  6 deep elf summoners
  4 ice beasts
  8 swamp dragons
  5 orc knights
  The ghost of SterlingArcher the Grave Robber, an experienced DEIE of Vehumet (D:8)
  2 hill giants
  5 deep elf conjurers
  8 wolf spiders
  8 red wasps
  A manticore (D:14)
  A griffon (Lair:6)
  3 orc sorcerers (Orc:4)
  3 shining eyes
  2 elephants (Lair:6)
  A moth of wrath (Spider:5)
  2 cyclopes (D:14)
  2 black mambas
  19 spiny frogs
  An eye of devastation (Slime:6)
  Psyche (Orc:2)
  A hellwing (Spider:5)
  A kobold demonologist (D:13)
  9 demonic crawlers
  A centaur zombie (D:13)
  3 fire drakes
  3 trolls
  9 komodo dragons
  3 deep elf priests (Elf:2)
  5 giant fireflies
  14 jumping spiders
  A polar bear (Lair:8)
  2 two-headed ogres (D:8)
  5 giant leeches
  26 blink frogs
  2 boulder beetles
  15 brown oozes
  6 bog bodies
  3 ravens (Swamp:4)
  57 slime creatures
  4 baby alligators (Swamp:1)
  12 yaks
  2 grizzly bears
  15 trapdoor spiders
  4 thorn lotuses
  5 shadows
  A wraith (D:10)
  A basilisk (Lair:4)
  5 ugly things
  19 tarantellas
  A wyvern (Lair:5)
  6 spriggans
  7 sharks
  A hungry ghost (D:11)
  17 deep elf magi
  2 elephant slugs
  36 redbacks
  A golden eye (shapeshifter) (Elf:2)
  2 chaos spawn (Spider:5)
  8 deep elf fighters
  2 steam dragons
  A hippogriff (Lair:1)
  A golden eye (Slime:6)
  18 vampire mosquitoes
  4 wargs
  8 wolves
  16 orc warriors
  2 sky beasts
  A tengu skeleton (D:13)
  12 water moccasins
  5 porcupines
  13 swamp worms
  2 black bears
  16 spiders
  7 swamp drakes
  A yellow wasp (Spider:5)
  5 giant goldfish (Lair:8)
  2 boring beetles
  3 centaurs
  4 big kobolds
  9 ogres
  Duvessa (D:4)
  11 crocodiles
  4 giant slugs
  23 giant frogs
  A wyvern zombie (D:11)
  2 eyes of draining
  4 scorpions
  10 killer bees
  3 goliath beetles
  6 electric eels
  2 wights (D:8)
  6 crimson imps
  A troll skeleton (D:13)
  Dowan (D:4)
  A quasit (D:10)
  12 jellies
  25 orc priests
  A centaur skeleton (D:5)
  8 hounds
  17 orc wizards
  5 iguanas
  11 big fish
  2 orange rats (Elf:1)
  4 worker ants
  5 sheep
  9 adders
  21 green rats
  A giant mite (D:5)
  7 worms
  An adder zombie (D:8)
  7 giant eyeballs
  10 giant geckos
  9 oozes
  141 orcs
  4 hobgoblins
  18 jackals
  30 kobolds
  A ball python (D:1)
  11 bats
  6 giant cockroaches
  5 giant newts
  A giant spore (D:9)
  15 goblins
  An orc zombie (D:5)
  12 quokkas
  9 rats
  A rat skeleton (D:7)
  4 ballistomycetes
  4 briar patches (Swamp:5)
  A bush (Lair:7)
  2 fungi
  17 plants
1139 creatures vanquished.

Vanquished Creatures (collateral kills)
  7 acid blobs (Slime:6)
  Rupert (Lair:8)
  3 azure jellies (Slime:6)
  An emperor scorpion (Spider:5)
  Gastronok (Lair:3)
  A death ooze (Slime:6)
  A minotaur (Lab)
  Harold (Lair:8)
  2 hydras
  A death yak (IceCv)
  2 deep elf knights
  A centaur warrior (D:14)
  A swamp dragon (Swamp:1)
  An orc knight (Orc:4)
  A deep elf summoner (Elf:3)
  2 griffons
  2 hill giants
  A wolf spider (Spider:5)
  An elephant (Lair:6)
  Maurice (D:11)
  4 spiny frogs
  A black mamba (Lair:2)
  2 gargoyles
  3 komodo dragons
  A komodo dragon (shapeshifter) (Elf:3)
  A troll (D:13)
  9 polar bears (IceCv)
  3 jumping spiders
  A bog body (Swamp:1)
  14 slime creatures
  9 blink frogs
  A brown ooze (Slime:6)
  2 basilisks (Lair:2)
  A trapdoor spider (Spider:4)
  32 yaks
  2 hippogriffs
  5 hungry ghosts
  4 deep elf magi
  A hill giant zombie (D:11)
  A shark (Spider:2)
  3 ugly things (D:14)
  A human (shapeshifter) (D:14)
  5 deep elf fighters
  14 wolves (IceCv)
  A porcupine (Lair:3)
  3 water moccasins
  An orc warrior (Orc:4)
  A sky beast (D:9)
  5 crocodiles
  A wyvern zombie (D:9)
  A cyclops zombie (D:9)
  3 giant frogs
  4 killer bees (D:13)
  2 eyes of draining
  An electric eel (Lair:8)
  2 wights (D:8)
  3 jellies
  2 big fish (Lair:8)
  A crimson imp (D:7)
  A hound (Lair:1)
  2 orc priests
  3 iguanas
  13 sheep
  An ogre skeleton (D:7)
  An adder (D:10)
  22 green rats
  A giant gecko (D:9)
  3 orcs
  6 jackals (Lair:1)
  2 bats
  3 rats
  A fungus (Lair:8)
242 creatures vanquished.

Vanquished Creatures (others)
  2 polar bears (IceCv)
  A crocodile (D:13)
  114 ice beasts
  A jelly (D:13)
  An adder (D:9)
  A giant spore (D:14)
  4 fungi
  3 plants (Lair:8)
127 creatures vanquished.

Grand Total: 1508 creatures vanquished

Notes
Turn   | Place    | Note
--------------------------------------------------------------
     0 | D:1      | SterlingArcher, the Deep Elf Ice Elementalist, began the quest for the Orb.
     0 | D:1      | Reached XP level 1. HP: 10/10 MP: 5/5
   141 | D:1      | Reached XP level 2. HP: 15/15 MP: 6/8
   146 | D:1      | Learned a level 2 spell: Throw Frost
   164 | D:1      | Reached skill level 4 in Spellcasting
   391 | D:3      | Found a basalt altar of Yredelemnul.
   428 | D:3      | Reached XP level 3. HP: 12/19 MP: 9/12
   434 | D:3      | Learned a level 3 spell: Ozocubu's Armour
   672 | D:3      | Noticed a scorpion
   684 | D:3      | Killed a scorpion
   684 | D:3      | Reached skill level 5 in Spellcasting
   684 | D:3      | Reached XP level 4. HP: 24/24 MP: 2/17
   690 | D:3      | Learned a level 4 spell: Summon Ice Beast
  1050 | D:4      | Noticed Edmund
  1075 | D:5      | Entered Level 5 of the Dungeon
  1150 | D:5      | Reached skill level 1 in Summonings
  1150 | D:5      | Reached XP level 5. HP: 22/28 MP: 11/20
  1153 | D:5      | Noticed a sky beast
  1162 | D:5      | Noticed a hippogriff
  1171 | D:6      | Reached skill level 6 in Spellcasting
  1171 | D:6      | Reached skill level 1 in Charms
  1207 | D:6      | Noticed an orc warrior
  1263 | D:5      | Found Psaesuzou's Gadget Emporium.
  1284 | D:4      | Found Gaapt's Weapon Boutique.
  1307 | D:4      | Noticed Duvessa
  1310 | D:4      | Noticed Dowan
  1322 | D:4      | Killed Dowan
  1328 | D:4      | Killed Duvessa
  1629 | D:3      | Found a shimmering altar of Xom.
  1629 | D:3      | Found an ancient bone altar of Kikubaaqudgha.
  1636 | D:3      | Became a worshipper of Kikubaaqudgha
  1726 | D:4      | Reached XP level 6. HP: 30/32 MP: 16/22
  2230 | D:5      | Reached skill level 5 in Ice Magic
  2233 | D:5      | Got a faintly glowing ivory ring
  2236 | D:5      | Identified the ring of Mneghel {-Cast +Fly rElec MR+ SInv} (You found it on level 5 of the Dungeon)
  2237 | D:5      | Gained mutation: You are covered in fur (AC +1). [potion of mutation]
  2237 | D:5      | Gained mutation: Your spells are a little harder to cast, but a little more powerful. [potion of mutation]
  2237 | D:5      | Gained mutation: You have a slow metabolism. [potion of mutation]
  2629 | D:9      | Found Mocvipt's Jewellery Emporium.
  2640 | D:9      | Noticed a deep elf mage
  2662 | D:9      | Killed a deep elf mage
  2662 | D:9      | Reached skill level 7 in Spellcasting
  2667 | D:9      | Reached XP level 7. HP: 33/36 MP: 18/25
  2815 | D:9      | Paralysed by a giant eyeball for 3 turns
  2819 | D:9      | Paralysed by a giant eyeball for 4 turns
  3039 | D:10     | Entered Level 10 of the Dungeon
  3232 | D:11     | Reached skill level 8 in Spellcasting
  3345 | D:11     | Found a labyrinth entrance.
  3355 | Lab      | Entered a labyrinth
  3486 | Lab      | Reached skill level 5 in Summonings
  3486 | Lab      | Reached XP level 8. HP: 41/41 MP: 19/27
  3545 | Lab      | Got an ichor-stained ring mail
  3567 | Lab      | Identified the +4 ring mail of the Archfiend {rN+ Curse} (You found it in a labyrinth)
  3636 | Lab      | Noticed a shadow
  3684 | Lab      | Killed a shadow
  3688 | Lab      | Noticed a shadow
  3697 | Lab      | Killed a shadow
  3697 | Lab      | Reached skill level 9 in Spellcasting
  4193 | Lab      | Noticed a minotaur
  4336 | Lab      | Killed a minotaur
  4354 | Lab      | Got a twisted long sword
  4361 | Lab      | Identified the cursed +1,+2 long sword of Accord {drain, Str-3} (You found it in a labyrinth)
  4457 | D:11     | Learned a level 4 spell: Throw Icicle
  4462 | D:11     | Learned a level 4 spell: Condensation Shield
  4485 | D:11     | Noticed Maurice
  4494 | D:11     | Killed Maurice
  4524 | D:11     | Reached XP level 9. HP: 45/45 MP: 16/29
  4551 | D:11     | Noticed a gargoyle
  4563 | D:11     | Killed a gargoyle
  4824 | D:9      | Noticed a komodo dragon
  4901 | D:9      | Killed a komodo dragon
  5070 | D:9      | Noticed a steam dragon
  5081 | D:9      | Killed a steam dragon
  5081 | D:9      | Reached skill level 10 in Spellcasting
  5082 | D:9      | Noticed a komodo dragon
  5096 | D:9      | Killed a komodo dragon
  5201 | D:9      | Found a staircase to the Lair.
  5256 | Lair:1   | Entered Level 1 of the Lair of Beasts
  5322 | Lair:1   | Noticed a spiny frog
  5338 | Lair:1   | Killed a spiny frog
  5625 | Lair:1   | Reached skill level 11 in Spellcasting
  5717 | Lair:2   | Reached skill level 1 in Necromancy
  5728 | Lair:2   | Reached skill level 1 in Armour
  5742 | Lair:2   | Reached XP level 10. HP: 50/50 MP: 17/32
  5747 | Lair:2   | Got a sparkling marble ring
  5971 | Lair:2   | Noticed a spiny frog
  5979 | Lair:2   | Killed a spiny frog
  6139 | Lair:2   | Found a frozen archway.
  6145 | Lair:2   | Noticed a black mamba
  6151 | Lair:2   | Killed a black mamba
  6308 | IceCv    | Entered an ice cave
  6471 | IceCv    | Reached skill level 5 in Armour
  6628 | IceCv    | Noticed a death yak
  6799 | IceCv    | Killed a death yak
  7204 | IceCv    | Noticed a frost giant
  7232 | IceCv    | Reached XP level 11. HP: 54/54 MP: 20/33
  7755 | Lair:3   | Noticed Gastronok
  7811 | Lair:3   | Killed Gastronok
  7811 | Lair:3   | Reached skill level 1 in Fighting
  8216 | Lair:3   | Acquired Kikubaaqudgha's first power
  8216 | Lair:3   | Received a gift from Kikubaaqudgha
  8217 | Lair:3   | Identified Kikubaaqudgha's Volume of Evil Secrets (Kikubaaqudgha gifted it to you on level 3 of the Lair of Beasts)
  8221 | Lair:3   | Learned a level 2 spell: Sublimation of Blood
  8225 | Lair:3   | Learned a level 3 spell: Regeneration
  8544 | Lair:6   | Noticed a four-headed hydra
  8548 | Lair:6   | Killed a four-headed hydra
  8644 | Lair:6   | Noticed a four-headed hydra
  8648 | Lair:6   | Killed a four-headed hydra
  8648 | Lair:6   | Reached skill level 12 in Spellcasting
  8648 | Lair:6   | Reached skill level 10 in Ice Magic
  8691 | Lair:7   | Noticed a five-headed hydra
  8709 | Lair:6   | Reached skill level 5 in Charms
  8755 | Lair:6   | Reached XP level 12. HP: 62/62 MP: 27/35
  8827 | Lair:8   | Entered Level 8 of the Lair of Beasts
  8827 | Lair:8   | Noticed a five-headed hydra
  8908 | Lair:7   | Acquired Kikubaaqudgha's second power
  8910 | Lair:7   | Reached skill level 5 in Necromancy
  8956 | Lair:6   | Reached skill level 1 in Evocations
  9058 | Lair:4   | Reached skill level 5 in Conjurations
  9195 | Lair:5   | Found a staircase to the Swamp.
  9425 | Swamp:1  | Entered Level 1 of the Swamp
  9425 | Swamp:1  | Noticed a six-headed hydra
  9430 | Swamp:1  | Killed a six-headed hydra
  9732 | Lair:4   | Found a hole to the Spider Nest.
  9757 | Lair:4   | Identified the ring "Oplu" {+Inv rPois MR+ Dam-2 SInv} (You found it on level 2 of the Lair of Beasts)
  9901 | Lair:1   | Learned a level 4 spell: Control Undead
 10003 | D:9      | Bought the amulet "Toddoq" {Ward SInv} for 419 gold pieces
 10075 | D:9      | Received a gift from Kikubaaqudgha
 10076 | D:9      | Identified Kikubaaqudgha's Incunabulum of Stolen Souls (Kikubaaqudgha gifted it to you on level 9 of the Dungeon)
 10083 | D:9      | Learned a level 5 spell: Dispel Undead
 10239 | D:8      | Noticed a two-headed ogre
 10243 | D:8      | Killed a two-headed ogre
 10245 | D:8      | Noticed SterlingArcher's ghost (experienced DEIE)
 10251 | D:8      | Killed SterlingArcher's ghost
 10605 | D:10     | Learned a level 2 spell: Blink
 10669 | D:11     | Noticed a hill giant
 10674 | D:11     | Killed a hill giant
 10770 | D:12     | Reached skill level 13 in Spellcasting
 10770 | D:12     | Reached skill level 1 in Translocations
 10827 | D:12     | Reached XP level 13. HP: 68/68 MP: 27/36
 10924 | D:12     | Acquired Kikubaaqudgha's third power
 11275 | D:9      | Found a shadowy altar of Dithmenos.
 11469 | D:10     | Noticed a wraith
 11470 | D:10     | Noticed a troll
 11473 | D:10     | Killed a wraith
 11475 | D:10     | Killed a troll
 11561 | Lair:1   | Learned a level 4 spell: Passage of Golubria
 11666 | D:9      | Found a staircase to the Orcish Mines.
 11681 | Orc:1    | Entered Level 1 of the Orcish Mines
 11916 | Orc:4    | Entered Level 4 of the Orcish Mines
 12010 | Orc:4    | Acquired Kikubaaqudgha's fourth power
 12022 | Orc:4    | Found an iron altar of Okawaru.
 12186 | Orc:3    | Found a staircase to the Elven Halls.
 12248 | Elf:1    | Entered Level 1 of the Elven Halls
 12549 | Elf:1    | Noticed a deep elf annihilator
 12573 | Elf:1    | Killed a deep elf annihilator
 12709 | Orc:2    | Noticed Psyche
 12717 | Orc:2    | Killed Psyche
 13189 | Orc:4    | Noticed a stone giant
 13207 | Orc:4    | Killed a stone giant
 13358 | Orc:3    | Noticed Urug
 13372 | Orc:3    | Killed Urug
 14008 | D:13     | Found Schiuc's Book Boutique.
 14033 | D:13     | Bought a book of Ice for 975 gold pieces
 14100 | D:13     | Found Fovynli's Gadget Boutique.
 14411 | D:13     | Found Clymmami's Assorted Antiques.
 14425 | D:13     | Bought a scroll of blinking for 180 gold pieces
 14425 | D:13     | Bought a blue potion for 21 gold pieces
 14425 | D:13     | Bought a scroll labeled HOGUIQA GITUL for 24 gold pieces
 14425 | D:13     | Bought a potion of heal wounds for 72 gold pieces
 14425 | D:13     | Bought a scroll labeled PALEWN IHAIGIA for 24 gold pieces
 14803 | Orc:4    | Reached XP level 14. HP: 76/76 MP: 30/37
 14952 | Orc:4    | Reached skill level 5 in Fighting
 15001 | Orc:4    | Found Geupied's Jewellery Shoppe.
 15002 | Orc:4    | Found Teesaecw's Gadget Boutique.
 15015 | Orc:4    | Found Pnaut's General Store.
 15016 | Orc:4    | Found Idamau's Weapon Boutique.
 15193 | Elf:1    | Reached skill level 10 in Armour
 15193 | Elf:1    | Reached skill level 5 in Translocations
 15288 | Elf:1    | Found a portal to a secret trove of treasure.
 15552 | Elf:2    | Learned a level 6 spell: Freezing Cloud
 15639 | Elf:2    | Noticed ulrikemeinhof's ghost (powerful DEFE)
 15647 | Elf:2    | Killed ulrikemeinhof's ghost
 15647 | Elf:2    | Reached skill level 1 in Air Magic
 16145 | Elf:3    | Entered Level 3 of the Elven Halls
 16428 | Orc:2    | Found a roughly hewn altar of Beogh.
 17094 | Swamp:1  | Noticed an eight-headed hydra
 17190 | Swamp:1  | Noticed a seven-headed hydra
 17204 | Swamp:1  | Reached skill level 14 in Spellcasting
 17352 | D:9      | Paralysed by a giant eyeball for 3 turns
 17461 | D:3      | Received a gift from Kikubaaqudgha
 17602 | D:7      | Found Ujeoneig's Antique Armour Shop.
 17749 | D:7      | Noticed a water moccasin
 17751 | D:7      | Killed a water moccasin
 17807 | D:7      | Paralysed by a giant eyeball for 2 turns
 17821 | D:8      | Noticed a two-headed ogre
 17824 | D:8      | Killed a two-headed ogre
 18094 | Swamp:1  | Reached skill level 5 in Dodging
 18232 | Swamp:1  | Noticed a six-headed hydra
 18234 | Swamp:1  | Killed an eight-headed hydra
 18244 | Swamp:1  | Killed a six-headed hydra
 18342 | Swamp:3  | Reached skill level 5 in Air Magic
 18471 | Swamp:3  | Noticed a thorn hunter
 18538 | Swamp:3  | Reached XP level 15. HP: 82/82 MP: 32/38
 18766 | Swamp:4  | Noticed Wiglaf
 18780 | Swamp:4  | Killed Wiglaf
 18883 | Swamp:5  | Entered Level 5 of the Swamp
 18883 | Swamp:5  | Noticed ulrikemeinhof's ghost (powerful DEIE)
 19070 | Swamp:5  | Killed ulrikemeinhof's ghost
 19992 | Swamp:5  | Noticed a thorn hunter
 20030 | Swamp:5  | Killed a thorn hunter
 20257 | Swamp:5  | Reached skill level 10 in Conjurations
 20306 | Swamp:5  | Got a decaying rune of Zot
 20579 | Spider:1 | Entered Level 1 of the Spider Nest
 21382 | Spider:2 | Noticed Frances
 21404 | Spider:2 | Killed Frances
 21574 | Spider:3 | Reached XP level 16. HP: 67/88 MP: 6/39
 22101 | Spider:4 | Reached skill level 15 in Spellcasting
 22235 | Spider:5 | Entered Level 5 of the Spider Nest
 22604 | Spider:5 | Reached skill level 10 in Air Magic
 22810 | Spider:5 | Noticed Jorgrun
 22822 | Spider:5 | Killed Jorgrun
 23592 | Spider:5 | Got a gossamer rune of Zot
 24206 | Lair:7   | Killed a five-headed hydra
 24501 | Lair:8   | Killed a five-headed hydra
 24621 | Lair:8   | Found a staircase to the Slime Pits.
 24647 | Lair:8   | Identified a +0 rod of inaccuracy (12/12) (You found it on level 8 of the Lair of Beasts)
 24659 | Slime:1  | Entered Level 1 of the Pits of Slime
 24665 | Slime:1  | Noticed an acid blob
 25188 | Slime:1  | Killed an acid blob
 25188 | Slime:1  | Reached skill level 5 in Evocations
 25503 | Slime:4  | Paralysed by a giant eyeball for 3 turns
 25510 | Slime:3  | Reached XP level 17. HP: 58/93 MP: 27/41
 25558 | Slime:4  | Paralysed by a giant eyeball for 4 turns
 25612 | Slime:4  | Paralysed by a giant eyeball for 3 turns
 25723 | Slime:6  | Entered Level 6 of the Pits of Slime
 25723 | Slime:6  | Noticed ulrikemeinhof's ghost (mighty DEIE)
 26035 | Slime:6  | Killed ulrikemeinhof's ghost
 26169 | Slime:6  | Reached skill level 16 in Spellcasting
 26741 | Slime:6  | Found a viscous altar of Jiyva.
 26821 | Slime:6  | Noticed the royal jelly
 26915 | Slime:5  | Reached skill level 10 in Necromancy
 27509 | Slime:6  | Killed the royal jelly
 27652 | Slime:4  | You fall through a shaft!
 27754 | Slime:6  | Got a transparent robe
 27768 | Slime:6  | Identified the +5 robe of the Rose {+Blink} (You found it on level 6 of the Pits of Slime)
 27789 | Slime:6  | Got a vibrating silver amulet
 27814 | Slime:6  | Identified the amulet of Dizuc {rMut Hunger SInv} (You found it on level 6 of the Pits of Slime)
 27877 | Slime:6  | Identified Schiri's Sophisticated Theurgy
 27885 | Slime:6  | Got a slimy rune of Zot
 27887 | Slime:6  | Identified Ofiraq's Volume of Creative Attacks
 27889 | Slime:6  | Identified Laetaine's Handbook of the Shifting Arsonist
 27974 | Slime:6  | Got a polished cutlass
 27986 | Slime:6  | Identified the +7,+8 cutlass of Calamity {venom, rPois} (You found it on level 6 of the Pits of Slime)
 28028 | Slime:6  | Identified An Early Guide to Witchcraft (You found it on level 6 of the Pits of Slime)
 28390 | Lair:8   | Noticed Rupert
 28428 | Lair:8   | Killed Rupert
 28690 | Lair:8   | Noticed Harold
 28697 | Lair:8   | Killed Harold
 28716 | Lair:8   | Got a jasper-encrusted ring mail
 28728 | Lair:8   | Identified the +4 ring mail of the Bard {rF+ Dam+3} (You found it on level 8 of the Lair of Beasts)
 29287 | Elf:3    | Noticed a deep elf sorcerer
 29287 | Elf:3    | Killed from afar by a deep elf annihilator

Action                   |  1- 3 |  4- 6 |  7- 9 | 10-12 | 13-15 | 16-18 || total
-------------------------+-------+-------+-------+-------+-------+-------++-------
Melee: Short sword       |     2 |     7 |       |       |       |       ||     9
       Dagger            |       |     1 |       |       |       |       ||     1
       Spear             |       |     1 |       |       |       |       ||     1
       Long sword        |       |       |     1 |       |       |       ||     1
       Unarmed           |       |       |       |       |     1 |       ||     1
       Staff             |       |       |       |       |       |     5 ||     5
 Cast: Freeze            |    35 |    58 |    26 |   102 |   120 |    11 ||   352
       Throw Frost       |     7 |    31 |    23 |    48 |   168 |    12 ||   289
       Ozocubu's Armour  |       |    10 |     6 |     8 |    74 |    37 ||   135
       Summon Ice Beast  |       |    10 |    70 |   110 |    50 |    84 ||   324
       Condensation Shie |       |       |     2 |     3 |    39 |     8 ||    52
       Throw Icicle      |       |       |       |   178 |   681 |   443 ||  1302
       Sublimation of Bl |       |       |       |    93 |   344 |   223 ||   660
       Regeneration      |       |       |       |     7 |    63 |    97 ||   167
       Dispel Undead     |       |       |       |     7 |    22 |     5 ||    34
       Blink             |       |       |       |     2 |    13 |     8 ||    23
       Control Undead    |       |       |       |     1 |       |       ||     1
       Passage of Golubr |       |       |       |       |    15 |     9 ||    24
       Freezing Cloud    |       |       |       |       |    43 |   105 ||   148
Invok: Receive Corpses   |       |       |       |       |       |     3 ||     3
       Torment           |       |       |       |       |       |     1 ||     1
 Abil: Evoke Invisibilit |       |       |       |       |       |     3 ||     3
Evoke: Wand              |       |     6 |    16 |    10 |    12 |    40 ||    84
       Rod               |       |       |       |       |       |    10 ||    10
  Use: Scroll            |       |    10 |     7 |     6 |    14 |    14 ||    51
       Potion            |       |     5 |     6 |     6 |     4 |     9 ||    30
